 Dungeon Crawl Stone Soup version 0.23-a0-558-g30802b1 (webtiles) character file.

84 zishaf the Insei (level 4, 0/34 HPs)
             Began as a Merfolk Transmuter on Dec 12, 2018.
             Succumbed to Jessica's poison
             ... on level 2 of the Dungeon.
             The game lasted 00:02:02 (1772 turns).

zishaf the Insei (Merfolk Transmuter)               Turns: 1772, Time: 00:02:02

Health: 0/34       AC:  5    Str: 11    XL:     4   Next: 46%
Magic:  7/7        EV: 12    Int: 17    God:
Gold:   67         SH:  0    Dex: 14    Spells: 6/7 levels left

rFire    + . .     SeeInvis .     - Unarmed
rCold    x . .     Gourm    .   (no shield)
rNeg     . . .     Faith    .   n - +0 ring mail
rPois    .         Spirit   .   (no helmet)
rElec    .         Reflect  .   (no cloak)
rCorr    .         Harm     .   (no gloves)
MR       .....                  (no boots)
Stlth    +.........             (no amulet)
HPRegen  0.11/turn              p - ring of fire
MPRegen  0.10/turn              (no ring)

@: brilliant, lethally poisoned (0 -> -20), berserk cooldown, hasted and slowed
A: change form in water, swift swim, stealthy swim
a: no special abilities


You were on level 2 of the Dungeon.
You were hungry.

You visited 1 branch of the dungeon, and saw 2 of its levels.

You collected 67 gold pieces.

Inventory:

Missiles
 a - 12 arrows
Armour
 b - a +0 robe
 n - a +0 ring mail (worn)
Jewellery
 p - a ring of fire (left hand)
Scrolls
 f - a scroll of magic mapping {unknown}
 g - a scroll of identify {unknown}
 h - 2 scrolls of fog {unknown}
 i - a scroll of fear {unknown}
 k - a scroll of amnesia {unknown}
 o - a scroll of immolation {unknown}
Potions
 e - a potion of invisibility {unknown}
 j - a potion of heal wounds {unknown}
Comestibles
 d - 4 rations


   Skills:
 + Level 2.3 Fighting
 + Level 3.8 Dodging
 + Level 3.9 Unarmed Combat
 - Level 2.0 Spellcasting
 + Level 3.9 Transmutations


You had 6 spell levels left.
You knew the following spells:

 Your Spells              Type           Power        Failure   Level  Hunger
a - Beastly Appendage     Tmut           ####..       1%          1    #......

Your spell library contained the following spells:

 Spells                   Type           Power        Failure   Level  Hunger
 Sticks to Snakes         Tmut           ####....     1%          2    ###....
 Spider Form              Tmut/Pois      ###.......   8%          3    ###....
 Ice Form                 Ice/Tmut       ###.....     22%         4    #####..
 Blade Hands              Tmut           ####......   26%         5    ######.


Dungeon Overview and Level Annotations

Branches:
Dungeon (2/15)

Altars:


Message History

You feel yourself moving faster!
You feel mighty!
* * * LOW HITPOINT WARNING * * *
You feel sick.
You are too berserk!
There is a lethal amount of poison in your body!
There is a lethal amount of poison in your body!
There is a lethal amount of poison in your body!
You feel a strong urge to attack something.
You feel yourself speed up.
* * * LOW HITPOINT WARNING * * *
You feel sick.
* * * LOW HITPOINT WARNING * * *
You feel sick.
You feel your anger nearly subside.
* * * LOW HITPOINT WARNING * * *
You feel sick.
You are no longer berserk.
You are exhausted.
You feel yourself slow down.
You die...

#### ...# #.# #.##
#.# #.######.#
.......#.#
#.####.#.# ####
.......#.# ...
.)...###.#########.#
.....###........@..#
..................>#
<.......#########..#
........#########..#
...................#
........######.##..#
###.....# #. #..#
....... .. #..#
#######.. ... #..#


There were no monsters in sight!

Vanquished Creatures
  Jessica (D:2)
  Terence (D:2)
  A hound skeleton (D:2)
  A dart slug (D:1)
  A goblin (D:1)
  3 hobgoblins (D:1)
  4 bats (D:1)
  3 frilled lizards (D:1)
  A kobold (D:1)
  5 rats
21 creatures vanquished.

Notes
Turn   | Place    | Note
-------+----------+-------------------------------------------
     0 | D:1      | zishaf the Merfolk Transmuter began the quest for the Orb.
     0 | D:1      | Reached XP level 1. HP: 15/15 MP: 3/3
   295 | D:1      | Reached XP level 2. HP: 12/21 MP: 5/5
  1334 | D:2      | Noticed Terence
  1377 | D:2      | Killed Terence
  1377 | D:2      | Reached XP level 3. HP: 9/27 MP: 6/6
  1610 | D:2      | Reached XP level 4. HP: 18/33 MP: 7/7
  1743 | D:2      | Noticed Jessica
  1764 | D:2      | Killed Jessica
  1770 | D:2      | HP: 2/51 [poisoned by Jessica]
  1772 | D:2      | Succumbed to Jessica's poison

Vault maps used:
D:1:      lemuel_arrival_lava_pool, minmay_tall_x
D:2:      uniq_terence, uniq_sigmund, uniq_jessica

Skill      XL: |  1  2 |
---------------+-------+-----
Transmutations | 3 |  3.9
Dodging        | 3 |  3.8
Fighting       | 2 |  2.3
Unarmed Combat | |  3.9
Spellcasting   | |  2.0

Action                   |  1- 3 |  4- 6 || total
-------------------------+-------+-------++-------
Melee: Unarmed           |   121 |    10 ||   131
       Punch             |     1 |       ||     1
 Cast: Beastly Appendage |     1 |       ||     1
  Use: Potion            |     1 |     3 ||     4
 Stab: Sleeping          |     1 |       ||     1
  Eat: Chunk             |     2 |       ||     2
Armor: Robe              |    11 |       ||    11
       Ring mail         |    11 |     2 ||    13
Dodge: Dodged            |    60 |     2 ||    62

Table legend:
 A = Non-vault XP
 B = Vault XP
 C = Vault XP percentage of total XP
 D = Non-vault monster count
 E = Vault monster count
 F = Vault count percentage of total count
                 A         B        C        D         E       F
            +---------+---------+-------+---------+---------+-------
      Total |      42 |      79 |  65.3 |      15 |       6 |  28.6
            +---------+---------+-------+---------+---------+-------
        D:1 |      20 |       6 |  23.1 |      12 |       4 |  25.0
        D:2 |      22 |      73 |  76.8 |       3 |       2 |  40.0
            +---------+---------+-------+---------+---------+-------
